 Dungeon Crawl Stone Soup version 0.22.1-2-g9c5b331 (webtiles) character file.

434 Lilu the Conjurer (level 6, -10/32 HPs)
             Began as a Deep Elf Conjurer on Nov 15, 2018.
             Killed from afar by smtktc's ghost (24 damage)
             ... with an orb of energy
             ... on level 4 of the Dungeon.
             The game lasted 00:10:04 (3743 turns).

Lilu the Conjurer (Deep Elf Conjurer)               Turns: 3743, Time: 00:10:07

Health: -10/32     AC:  3    Str:  5    XL:     6   Next: 67%
Magic:  8/15       EV: 15    Int: 22    God:
Gold:   204        SH:  0    Dex: 15    Spells: 8/15 levels left

rFire    + + .     SeeInvis .   v - +2 hunting sling (freeze)
rCold    . . .     Gourm    .   (no shield)
rNeg     . . .     Faith    .   a - +0 robe
rPois    .         Spirit   .   (no helmet)
rElec    .         Reflect  .   t - scarf {rC+ rF+}
rCorr    .         Harm     .   C - +0 pair of gloves
MR       .....                  (no boots)
Stlth    ++........             B - amulet of rage
HPRegen  0.10/turn              f - ring of fire
MPRegen  0.14/turn              (no ring)

@: no status effects
A: no striking features
a: Evoke Berserk Rage


You were on level 4 of the Dungeon.
You were hungry.

You visited 1 branch of the dungeon, and saw 4 of its levels.

You collected 204 gold pieces.

Inventory:

Hand Weapons
 v - a +2 hunting sling of freezing (weapon)
Missiles
 l - 212 stones (quivered)
 n - 20 bolts
 o - 34 poisoned needles
 p - 65 sling bullets
 r - 82 arrows
Armour
 a - a +0 robe (worn)
 h - a +0 buckler
 i - a +0 leather armour
 t - a scarf of resistance (worn)
 C - a +0 pair of gloves (worn)
Jewellery
 f - a ring of fire (left hand)
 u - an uncursed ring of fire
 B - an amulet of rage (around neck)
Wands
 y - a wand of flame (29)
Scrolls
 d - a scroll of fog {unknown}
 e - 7 scrolls of identify {unknown}
 k - 4 scrolls of teleportation {unknown}
 s - a scroll of magic mapping {unknown}
 x - a scroll of enchant armour {unknown}
Potions
 b - a potion of lignification {unknown}
 g - a potion of flight {unknown}
 j - 3 potions of brilliance {unknown}
 m - 2 potions of curing {unknown}
 q - a potion of invisibility {unknown}
 w - a potion of resistance {unknown}
 z - a potion of agility {unknown}
 A - 2 potions of ambrosia {unknown}
Comestibles
 c - 8 rations


   Skills:
 + Level 4.6 Dodging
 - Level 2.4 Stealth
 - Level 0.8 Shields
 + Level 5.3 Spellcasting
 * Level 6.9 Conjurations


You had 8 spell levels left.
You knew the following spells:

 Your Spells              Type           Power        Failure   Level  Hunger
a - Magic Dart            Conj           ####         1%          1    None
b - Searing Ray           Conj           #####.       1%          2    None
c - Iskenderun's Mystic   Conj           #####...     5%          4    ####...

Your spell library contained the following spells:

 Spells                   Type           Power        Failure   Level  Hunger
 Dazzling Spray           Conj/Hex       ###...       7%          3    ##.....
 Force Lance              Conj/Tloc      ###.....     24%         4    ####...
 Fulminant Prism          Conj/Hex       ###.......   24%         4    ####...


Dungeon Overview and Level Annotations

Branches:
Dungeon (4/15)
 Temple: D:4-7

Altars:
Cheibriados
Dithmenos
Qazlal
Ru
Sif Muna
Trog
Zin

Annotations:
D:4 1 runed door, exclusion: door, smtktc's ghost, amateur DECj


Message History

You kill the bullfrog!
The searing ray hits smtktc's ghost.
Smtktc's ghost is moderately damaged.
The searing ray hits smtktc's ghost.
Smtktc's ghost is severely damaged.
You finish channeling your searing ray.
Smtktc's ghost points at you and mumbles some strange words.
The orb of energy hits you!
Casting: Searing Ray (safe; 1% risk of failure)
Confirm with . or Enter, or press ? or * to list all spells.
Aiming: Searing Ray (safe; 1% risk of failure)
Press: ? - help, Shift-Dir - straight line, f - smtktc's ghost
Aim: smtktc's ghost (severely damaged)
The searing ray hits smtktc's ghost.
Smtktc's ghost is severely damaged. (Press . to maintain the ray.) Smtktc's ghost casts a spell at you.
The orb of energy hits you!
Ouch! That really hurt!
You die...

###.###.# #..###########..#
#. #.......#
#..#FSS≈≈≈≈≈≈#..#####.
#.#.#####
#..+W≈≈≈%≈≈≈≈'F....... ....#
#..#≈≈≈≈≈SFS≈#..####.. #.###
###############.# ### #.#
#..# #.#.# #### #.# #..#
#.#.##♣.#. #.#
##..########....##... #.#
#.#.@W(...(.(#.##_... #.#
##..########...###.#. #.#
##########.########.#.# ###_
#.# #.....................#
## #.#
#.########............######
#.# #.# ###########........
#.# #.# ######### #.####.#
#......#


You could see smtktc's ghost.

Vanquished Creatures
  A bullfrog (D:4)
  A scorpion (D:4)
  An orc priest (D:4)
  An orc wizard (D:4)
  A centaur skeleton (D:4)
  Jessica (D:2)
  Natasha (thrice) (D:2)
  6 adders
  A shadow imp (D:4)
  An ooze (D:3)
  2 adder skeletons (D:4)
  A worm (D:4)
  A dart slug (D:4)
  4 leopard geckos
  2 orcs
  7 bats
  8 giant cockroaches
  6 goblins
  3 hobgoblins
  2 jackals (D:4)
  A quokka (D:2)
  3 ball pythons
  3 frilled lizards
  7 kobolds
  4 rats
71 creatures vanquished.

Notes
Turn   | Place    | Note
-------+----------+-------------------------------------------
     0 | D:1      | Lilu the Deep Elf Conjurer began the quest for the Orb.
     0 | D:1      | Reached XP level 1. HP: 10/10 MP: 6/6
   193 | D:1      | Reached XP level 2. HP: 15/15 MP: 6/8
   197 | D:1      | Learned a level 2 spell: Searing Ray
   959 | D:2      | Reached skill level 5 in Conjurations
   959 | D:2      | Reached XP level 3. HP: 17/19 MP: 7/10
  1170 | D:2      | Noticed Jessica
  1175 | D:2      | Killed Jessica
  1434 | D:2      | Noticed Natasha
  1439 | D:2      | Killed Natasha
  1439 | D:2      | Reached XP level 4. HP: 21/24 MP: 7/11
  1449 | D:2      | Learned a level 4 spell: Iskenderun's Mystic Blast
  1496 | D:2      | Noticed Natasha
  1503 | D:2      | Killed Natasha
  1667 | D:2      | Noticed Natasha
  1671 | D:2      | Killed Natasha
  1671 | D:2      | Reached XP level 5. HP: 22/28 MP: 8/13
  2388 | D:3      | Found a stormy altar of Qazlal.
  2499 | D:3      | Reached skill level 6 in Conjurations
  2759 | D:4      | Reached XP level 6. HP: 32/32 MP: 8/15
  2842 | D:4      | Reached skill level 5 in Spellcasting
  3200 | D:4      | Found a snail-covered altar of Cheibriados.
  3252 | D:4      | Found a bloodstained altar of Trog.
  3257 | D:4      | Found a deep blue altar of Sif Muna.
  3257 | D:4      | Found a glowing silver altar of Zin.
  3258 | D:4      | Found a shadowy altar of Dithmenos.
  3259 | D:4      | Found a sacrificial altar of Ru.
  3407 | D:4      | Found a shadowy altar of Dithmenos.
  3492 | D:4      | Found a runed door.
  3497 | D:4      | Noticed smtktc's ghost (amateur DECj)
  3689 | D:4      | Found a runed door.
  3743 | D:4      | Killed from afar by smtktc's ghost

Skill      XL: |  1  2  3  4  5  6 |
---------------+-------------------+-----
Dodging        | 3 4 |  4.6
Conjurations   | 5 6 |  6.9
Spellcasting   | 4 5 |  5.3
Stealth        | |  2.4
Shields        | |  0.8

Action                   |  1- 3 |  4- 6 || total
-------------------------+-------+-------++-------
 Fire: Hunting sling     |       |    21 ||    21
 Cast: Magic Dart        |    42 |    62 ||   104
       Searing Ray       |     3 |    16 ||    19
  Eat: Chunk             |     1 |     7 ||     8
Armor: Robe              |     2 |     7 ||     9
Dodge: Dodged            |     7 |    17 ||    24
